 Dungeon Crawl Stone Soup version 0.31-a0-354-g827e0957a7 (webtiles) character file.

Game seed: 15257757728682093402

553 promet the Cutter (level 7, -3/37 HPs)
             Began as a Vine Stalker Fighter on July 23, 2023.
             Was an Initiate of Makhleb.
             Slain by a hornet (9 damage)
             ... on level 7 of the Dungeon.
             The game lasted 00:22:32 (6226 turns).

promet the Cutter (Vine Stalker Fighter)            Turns: 6226, Time: 00:22:33

Health: -3/37      AC: 10    Str: 21    XL:     7   Next: 29%
Magic:  0/8        EV: 10    Int:  8    God:    Makhleb [......]
Gold:   95         SH:  5    Dex: 16    Spells: 6/6 levels left

rFire   . . .        a - +2 flail (drain)
rCold   . . .        c - +0 buckler
rNeg    . . .        b - +1 scale mail
rPois   .            k - +0 helmet
rElec   .            (no cloak)
rCorr   .            n - +0 pair of gloves {Str+3}
SInv    .            (no boots)
Will    .....        (no amulet) Stlth
                     (no ring)
HPRegen 1.06/turn    (no ring)
MPRegen 0.11/turn

%: guardian spirit
@: lethally poisoned (-3 -> -5), slowed, invisible, very slow
A: fangs 2, regeneration 1, magic shield, antimagic bite, no potion heal 2
a: Renounce Religion


You were on level 7 of the Dungeon.
You worshipped Makhleb.
Makhleb was noncommittal.
You visited 2 branches of the dungeon, and saw 7 of its levels.

You collected 210 gold pieces.
You spent 115 gold pieces at shops.

Inventory:

Hand Weapons
 a - a +2 flail of draining (weapon)
 g - a +0 quarterstaff
 h - a +1 dagger of holy wrath
 o - a +0 trident
 s - a +0 rapier
Missiles
 e - 44 stones
Armour
 b - a +1 scale mail (worn)
 c - a +0 buckler (worn)
 k - a +0 helmet (worn)
 n - a +0 pair of gloves of strength (worn)
Jewellery
 p - a +6 ring of intelligence
Wands
 q - a wand of charming (16)
 t - a wand of mindburst (15) (quivered)
Scrolls
 m - a scroll of teleportation
Potions
 d - 2 potions of might
 f - a potion of invisibility
 i - a potion of enlightenment
 l - a potion of heal wounds {unknown}


   Skills:
 * Level 4.1 Fighting
 + Level 4.4 Short Blades
 + Level 0.3 Maces & Flails
 + Level 3.6 Armour
 + Level 1.5 Dodging
 + Level 0.3 Stealth
 + Level 3.5 Shields


You had 6 spell levels left.
You didn't know any spells.
Your spell library contained the following spells:

 Spells                   Type           Power      Damage    Failure   Level
 Slow                     Hex            0%         N/A       82%         1
 Confusing Touch          Hex            0%         N/A       99%         3
 Vampiric Draining        Necr           0%         2d6       99%         3


Dungeon Overview and Level Annotations

Branches:
Dungeon (5/15)             Temple (1/1) D:4

Altars:
Ashenzari
Cheibriados
Dithmenos
Elyvilon
Gozag
Hepliaklqana
Kikubaaqudgha
Makhleb
Okawaru
Qazlal
Sif Muna
Trog
Uskayaw
Vehumet
Wu Jian
Xom
Yredelemnul
Zin
The Shining One

Shops:
D:4 [

Annotations:
D:4 2 transporters, XomNomNom's ghost, novice MiMo


Innate Abilities, Weirdness & Mutations

You have extremely sharp teeth.
Your natural rate of healing is unusually fast.
When hurt, damage is shared between your health and your magic reserves.
Your bite disrupts and absorbs the magic of your enemies.
Potions cannot restore your health.


Message History

You are poisoned.
You feel yourself slow down.
You barely miss the hornet. Your bite misses the hornet.
The hornet is lightly wounded.
You feel yourself speed up.
You feel very sick. The hornet completely misses you. The hornet stings you.
You are more poisoned.
You feel yourself slow down. The hornet barely misses you.
Your system rejects the healing.
You feel better. The hornet stings you.
You are poisoned.
You feel as though you will be slow longer.
The hornet stings you but does no damage.
You hit the hornet. Your bite misses the hornet.
The hornet is moderately wounded.
You feel very sick. The hornet stings you.
You feel as though you will be slow longer.
The hornet stings you!
You feel as though you will be slow longer.
The bullfrog releases a deep croak.
The hornet barely misses you.
You closely miss the hornet.
The hornet is moderately wounded.
You feel very sick. The hornet stings you.
You feel as though you will be slow longer.
The hornet stings you!
* * * LOW HITPOINT WARNING * * *
You feel as though you will be slow longer.
The hornet stings you but does no damage. x2
Your system rejects the healing.
You feel better. The hornet stings you.
* * * LOW HITPOINT WARNING * * *
You are poisoned.
You feel as though you will be slow longer.
The hornet stings you but does no damage.
You fade into invisibility!
You feel very sick. The hornet stings you!
You die...

### #.#
#.# ####.#
#§§.##
##.# #@#
##y# #§.F#
.........#
.####..###
#..# #..#
...# ...#


You could see a hornet (unable to see you) and a bullfrog (unable to see you).

Vanquished Creatures
  A centaur (D:5)
  A scorpion (D:5)
  2 hounds
  A sleepcap (D:4)
  An orc priest (D:4)
  A gnoll bouda (D:4)
  An orc wizard (D:4)
  9 gnolls
  4 adders
  A shadow imp (D:4)
  A white imp (D:5)
  2 worms (D:3)
  A dart slug (D:4)
  6 orcs
  7 endoplasms
  4 giant cockroaches
  8 goblins
  4 hobgoblins
  15 jackals
  12 kobolds
  4 quokkas
  8 ball pythons
  8 bats
  3 frilled lizards
  4 rats
109 creatures vanquished.

Notes
Turn   | Place    | Note
-------+----------+-------------------------------------------
     0 | D:1      | promet the Vine Stalker Fighter began the quest for the
                  | Orb.
     0 | D:1      | Reached XP level 1. HP: 11/11 MP: 2/2
   101 | D:1      | Reached XP level 2. HP: 16/16 MP: 3/3
   658 | D:1      | Reached XP level 3. HP: 19/20 MP: 4/4
  1480 | D:2      | Gained mutation: Your natural rate of healing is unusually
                  | fast. [Vine Stalker growth]
  1480 | D:2      | Reached XP level 4. HP: 24/24 MP: 5/5
  2426 | D:3      | Found a broken altar of Ashenzari.
  2638 | D:3      | Found a glowing golden altar of the Shining One.
  3045 | D:3      | Reached XP level 5. HP: 28/28 MP: 6/6
  3325 | D:4      | Found Tonaline's Armour Emporium.
  3328 | D:4      | Bought a +0 pair of gloves of strength for 115 gold pieces
  3343 | D:4      | Found a staircase to the Ecumenical Temple.
  3366 | D:4      | Found a transporter.
  3366 | D:4      | Noticed XomNomNom's ghost (novice MiMo)
  3409 | Temple   | Entered the Ecumenical Temple
  3440 | Temple   | Became a worshipper of Makhleb the Destroyer
  3475 | D:4      | Found a glowing silver altar of Zin.
  4016 | D:4      | Found a transporter.
  4117 | D:4      | Reached XP level 6. HP: 21/32 MP: 4/7
  4641 | D:4      | Reached skill level 1 in Dodging
  4642 | D:4      | Found a shimmering blue altar of Sif Muna.
  4648 | D:5      | Entered Level 5 of the Dungeon
  5641 | D:5      | Reached XP level 7. HP: 17/32 MP: 5/8
  5968 | D:5      | Found a shimmering altar of Xom.
  6109 | D:5      | Found a bloodstained altar of Trog.
  6203 | D:5      | You fall into a shaft and drop 2 floors!
  6213 | D:7      | Noticed a hornet
  6226 | D:7      | Slain by a hornet

Illustrated notes

Levels and vault maps discovered:
D:1:      matt_arrival_refuge, layout_basic, skrybe_limestone_x,
          minmay_pentomino_u4
D:2:      kennysheep_big_flooded_room, layout_rooms
D:3:      layout_loops_cross, lemuel_coloured_pillars_altar,
          nicolae_tso_swordbearing_angel
D:4:      layout_loops_corners, tgw_sif, overflow_temple_1_default,
          minmay_temple_entry_enclosed_plants, gammafunk_ghost_arena,
          serial_shops, nicolae_shop_real_fake_doors, amcnicky_mini_pool_small,
          kennysheep_path_1
D:5:      layout_basic, bloody_trog, mainiacjoe_overflow_brackets
D:7:      layout_layer_cave, nemelex_diamond_rough_becter, uniq_joseph
Temple:   nicolae_temple_ecumenical_triangle

Skill      XL: |  1  2  3  4  5  6 |
---------------+-------------------+-----
Short Blades   | 2 3 4 |  4.4
Fighting       | 3 4 |  4.1
Armour         | 3 |  3.6
Shields        | 3 |  3.5
Dodging        | 1 |  1.5
Maces & Flails | |  0.3
Stealth        | |  0.3

Action                     |  1- 3 |  4- 6 |  7- 9 || total
---------------------------+-------+-------+-------++-------
  Melee: Rapier            |   121 |   197 |       ||   318
         Bite              |    29 |    60 |     3 ||    92
         Flail             |       |    19 |    11 ||    30
  Evoke: Wand              |       |       |     3 ||     3
    Use: Scroll            |     4 |     6 |     1 ||    11
         Potion            |       |     1 |     3 ||     4
 Armour: Scale mail        |    60 |   108 |    13 ||   181
  Dodge: Dodged            |    59 |    97 |    10 ||   166
  Block: Buckler           |    26 |    58 |     5 ||    89

Table legend: (Time is in decaauts)
 A = Elapsed time spent in this place.
 B = Non-inter-level travel time spent in this place.
 C = Inter-level travel time spent in this place.
 D = Time resting spent in this place.
 E = Time spent auto-exploring this place.
 F = Levels seen in this place.
 G = Mean time per level.
                   A        B        C        D        E       F      G
               +--------+--------+--------+--------+--------+-----+--------+
         Total |   6275 |   6118 |    157 |   1712 |   2186 |   7 |  896.4 |
       Dungeon |   6226 |   6086 |    140 |   1712 |   2186 |   6 | 1037.7 |
        Temple |     48 |     31 |     17 |      0 |      0 |   1 |   48.0 |
               +--------+--------+--------+--------+--------+-----+--------+

Top non-repeatable levels by time:
     D:4: 1949 daAuts
     D:3: 1210 daAuts
     D:1: 1132 daAuts
     D:2: 960 daAuts
     D:5: 943 daAuts
  Temple: 48 daAuts
     D:7: 29 daAuts
